[Event "Team 45 45 League T73"]
[Site "Internet Chess Club"]
[Date "2017.07.07"]
[Round "4"]
[White "LittleButton"]
[Black "santiagoelawad"]
[Result "0-1"]
[WhiteElo "1865"]
[BlackElo "1986"]
[Opening "Queen's pawn, Mason variation"]
[ECO "D00"]
[Time "14:01:50"]
[TimeControl "2700+45"]

1. d4 d5 2. Bf4 Nf6 3. e3 Bf5 4. c4 c6 5. Nf3 e6 6. Nc3 Nbd7 7. Be2 h6 8. h3 Be7
9. O-O O-O 10. a3 a5 11. c5 Re8 12. b4 Ne4 13. Nxe4 Bxe4 14. Nd2 Bg6 15. Re1 Bf6
16. Nb3 a4 17. Nd2 e5 18. dxe5 Nxe5 19. Nf3 Nxf3+ 20. Bxf3 Bxa1 21. Qxa1 Be4 22.
Be2 Re6 23. Be5 Qg5 24. Bg3 g6 25. Bg4 f5 26. Be2 h5 27. h4 Qf6 28. Qxf6 Rxf6
29. Rc1 f4 30. Bxf4 Rf7 31. f3 Bf5 32. e4 Bxe4 33. fxe4 Rxf4 34. exd5 cxd5 35.
Bf3 Rd4 36. c6 bxc6 37. Rxc6 Kf7 38. Rd6 Rd3 39. Rxd5 Rxa3 40. b5 Rb8 41. Rd7+
Ke6 42. Bc6 Ra1+ 43. Kh2 a3 44. Ra7 Kd6 45. Be4 Rxb5 46. Bxg6 Kc5 47. Bf7 Kb6
48. Ra4 Ra5 {White resigns} 0-1

[Event "Team 45 45 League T73"]
[Site "Internet Chess Club"]
[Date "2017.07.08"]
[Round "4"]
[White "kabindra"]
[Black "ChessHouston"]
[Result "0-1"]
[WhiteElo "1708"]
[BlackElo "1649"]
[Opening "Pirc defense"]
[ECO "B07"]
[Time "11:10:15"]
[TimeControl "2700+45"]

1. e4 d6 2. d4 Nf6 3. Nc3 g6 4. h3 a6 5. a4 Bg7 6. Be3 Nc6 7. Qd2 O-O 8. Bh6
Bxh6 9. Qxh6 Nxd4 10. Bd3 e5 11. Nge2 c5 12. f3 Be6 13. Nxd4 exd4 14. Nd1 c4 15.
Be2 Qa5+ 16. Qd2 Qc5 17. g4 d5 18. e5 Nd7 19. f4 f6 20. exf6 Nxf6 21. Nf2 Ne4
22. Nxe4 dxe4 23. Rf1 d3 24. cxd3 cxd3 25. Bd1 Rac8 26. f5 Bc4 27. b3 e3 {White
resigns} 0-1

[Event "Team 45 45 League T73"]
[Site "Internet Chess Club"]
[Date "2017.07.07"]
[Round "4"]
[White "Yedixon"]
[Black "Portola"]
[Result "1/2-1/2"]
[WhiteElo "1725"]
[BlackElo "1721"]
[Opening "French: Rubinstein variation"]
[ECO "C10"]
[Time "10:22:20"]
[TimeControl "2700+45"]

1. e4 e6 2. d4 d5 3. Nc3 dxe4 4. Nxe4 Be7 5. Be3 Nd7 6. Qd2 Ngf6 7. f3 O-O 8.
O-O-O b6 9. Bd3 Bb7 10. Ne2 c5 11. dxc5 Nxe4 12. Bxe4 Bxe4 13. Qxd7 Bd5 14. Qxd8
Rfxd8 15. cxb6 axb6 16. a3 b5 17. Nc3 b4 18. Nxd5 exd5 19. axb4 Ra1+ 20. Kd2
Rxd1+ 21. Rxd1 d4 22. Bf2 Bxb4+ 23. Kd3 Bc5 24. Re1 f6 25. Re4 Kf7 26. Bxd4 f5
27. Rf4 Ke6 28. g4 g6 29. gxf5+ gxf5 30. c3 Be7 31. h4 Bd6 32. Ke3 h5 33. b4 Re8
34. Be5 Kd7 35. Rxf5 Rxe5+ 36. Rxe5 Bxe5 37. c4 Bg3 38. f4 Bxh4 39. f5 Kc6 40.
Kf3 Bf6 41. Kg3 h4+ 42. Kh3 Kd6 43. b5 Kc5 44. Kg4 Kb6 45. Kh3 {Game drawn by
mutual agreement} 1/2-1/2

[Event "Team 45 45 League T73"]
[Site "Internet Chess Club"]
[Date "2017.07.10"]
[Round "4"]
[White "pokerram"]
[Black "Beetlejuice"]
[Result "1/2-1/2"]
[WhiteElo "1591"]
[BlackElo "1743"]
[Opening "Réti v Dutch"]
[ECO "A04"]
[Time "14:05:02"]
[TimeControl "2700+45"]

1. Nf3 f5 2. d3 Nc6 3. e4 d6 4. Nc3 Nf6 5. exf5 Bxf5 6. Nh4 Bg4 7. Be2 Bxe2 8.
Qxe2 e5 9. Bg5 Be7 10. Bxf6 Bxf6 11. Qh5+ g6 12. Nxg6 hxg6 13. Qxg6+ Kf8 14. Nd5
Bg7 15. Qf5+ Kg8 16. Qe6+ Kf8 17. Qf5+ Kg8 18. Qe6+ Kh7 19. Qf5+ Kg8 20. Qe6+
{Game drawn by repetition} 1/2-1/2